Map: Acid Plant LE

Players

TRUE - Winner!

  • Race: Zerg Zerg
  • Spawn Location: 5:00

MaNa

  • Race: Protoss Protoss
  • Spawn Location: 11:00

Event: WCS Austin 2018

VOD

Have the link to the VOD?

Description

Time

  • Played on: June 1, 2018, 10:41 p.m.
  • Length: 6:12

All games in this series

Show
View Real Time Build Order
Export as new Build Order

TRUE Zerg - Winner!

Build Orders: Hatch First 

Get SALT Encoding   

  12  0:00  Drone  
  13  0:12  Overlord  
  13  0:16  Drone  
  14  0:30  Drone  
  14  0:31  Drone  
  16  0:48  Hatchery  
  15  0:55  Drone  
  15  0:56  Extractor  
  15  1:08  Spawning Pool  
  14  1:12  Drone  
  14  1:16  Drone  
  16  1:19  Drone  
  16  1:24  Drone  
  18  1:36  Drone  
  19  1:46  Drone  
  20  1:57  Zergling x2  
  20  1:58  Metabolic Boost  
  20  2:00  Queen  
  23  2:15  Hatchery  
  23  2:17  Zergling x2  
  23  2:20  Zergling x2  
  24  2:25  Zergling x2  
  24  2:27  Zergling x2  
  26  2:30  Zergling x2  
  26  2:32  Zergling x2  
  28  2:38  Overlord  
  28  3:00  Zergling x10  
  33  3:17  Zergling x6  
  34  3:22  Zergling x2  
  34  3:26  Zergling x2  
  35  3:32  Zergling x2  
  36  3:37  Zergling x2  
  37  3:41  Zergling x2  
  37  3:44  Zergling x2  
  37  3:47  Zergling x2  
  37  3:48  Zergling x2  
  40  3:52  Zergling x2  
  39  4:00  Overlord x2  
  37  4:18  Queen  
  37  4:19  Zergling x6  
  37  4:21  Zergling x4  
  37  4:23  Zergling x2  
  44  4:25  Zergling x2  
  44  4:29  Zergling x2  
  39  4:32  Zergling x2  
  39  4:36  Zergling x2  
  40  4:39  Zergling x2  
  40  4:43  Zergling x2  
  41  4:47  Zergling x2  
  41  4:50  Zergling x2  
  38  4:53  Zergling x2  
  38  4:58  Zergling x2  
  37  5:01  Zergling x2  
  37  5:03  Zergling x2  
  38  5:08  Zergling x2  
  38  5:10  Zergling x2  
  40  5:15  Zergling x2  
  40  5:18  Zergling x2  
  40  5:21  Zergling x2  
  40  5:25  Zergling x2  
  40  5:27  Zergling x2  
  42  5:33  Zergling x2  
  42  5:35  Zergling x2  
  42  5:39  Zergling x2  
  35  5:52  Zergling x2  
  35  5:53  Zergling x6  
  35  5:54  Zergling x2  
Show
View Real Time Build Order
Export as new Build Order

MaNa Protoss 

Build Orders: 1 Gate Expand, Oracle Opening 

Get SALT Encoding   

  12  0:00  Probe  
  13  0:12  Probe  
  14  0:17  Pylon  
  14  0:24  Probe  
  15  0:32  Probe  
  15  0:37  Assimilator  
  15  0:40  Probe  
  16  0:48  Gateway  
  17  0:50  Probe  
  18  0:58  Probe  
  19  1:06  Probe  
  20  1:26  Nexus  
  20  1:38  Cybernetics Core  
  21  1:40  Probe  
  21  1:46  Assimilator  
  21  1:52  Probe  
  22  1:55  Pylon  
  22  2:04  Probe  
  23  2:10  Adept  
  23  2:14  Stargate  
  23  2:16  Probe  
  26  2:28  Probe  
  27  2:35  Stalker  
  27  2:36  Probe  
  27  2:40  Probe  
  31  2:44  Probe  
  32  2:52  Probe  
  32  2:54  Probe  
  34  3:00  Oracle  
  34  3:04  Probe  
  38  3:06  Probe  
  39  3:16  Probe  
  39  3:18  Probe  
  41  3:22  Shield Battery  
  40  3:28  Gateway  
  37  3:51  Pylon  
  36  4:10  Pylon  
  36  4:11  Shield Battery  
  36  4:12  Pylon  
  36  4:15  Pylon  
  34  4:21  Pylon  
  32  4:24  Pylon  
  32  4:28  Void Ray  
  24  4:34  Probe  
  24  4:35  Probe  
  29  4:52  Probe  
  29  5:01  Gateway  
  29  5:06  Probe  
  27  5:18  Probe  
  29  5:30  Probe  
  24  5:44  Probe  
  18  5:59  Probe  
Tags
 
Add a new tag
Caveats
  • Supply blocks, unpowered buildings, or Contaminate may cause inaccurate times.
  • Supply counts are checked every 10 seconds.